 Dungeon Crawl Stone Soup version 0.27-a0-1219-g958d993ae5 (webtiles) character file.

Game seed: 17719366963883458558

32 polve the Shield-Bearer (level 3, 0/36 HPs)
             Began as a Troll Fighter on June 6, 2021.
             Slain by Sigmund
             ... wielding a +0 scythe
              (3 damage)
             ... on level 2 of the Dungeon.
             The game lasted 00:00:50 (1034 turns).

polve the Shield-Bearer (Troll Fighter)             Turns: 1034, Time: 00:00:50

Health: 0/36       AC:  4    Str: 25    XL:     3   Next: 10%
Magic:  2/2        EV:  8    Int:  4    God:
Gold:   43         SH:  9    Dex:  9    Spells: 2/2 levels left

rFire    . . .     SeeInvis .     - Unarmed
rCold    . . .     Faith    .   b - +0 kite shield
rNeg     . . .     Spirit   .   a - +0 robe
rPois    .         Reflect  .   (helmet restricted)
rElec    .         Harm     .   (no cloak)
rCorr    .         Rampage  .   (gloves unavailable)
Will     .....                  (boots unavailable)
Stlth    +.........             (no amulet)
HPRegen  1.12/turn              (no ring)
MPRegen  0.08/turn              (no ring)

@: no status effects
A: large, unfitting armour, claws 3, regeneration 1, shaggy fur 1, tough skin 1
a: no special abilities


You were on level 2 of the Dungeon.
You visited 1 branch of the dungeon, and saw 2 of its levels.

You collected 43 gold pieces.

Inventory:

Armour
 a - a +0 robe (worn)
 b - a +0 kite shield (worn)
Jewellery
 f - a ring of magical power
 i - an amulet of reflection
Scrolls
 e - a scroll of fog {unknown}
 g - a scroll of teleportation {unknown}
 h - a scroll of identify {unknown}
Potions
 c - 2 potions of might
 d - a potion of haste {unknown}


   Skills:
 + Level 2.7 Fighting
 - Level 2.4 Dodging
 * Level 3.0 Shields
 + Level 2.4 Unarmed Combat


You had 2 spell levels left.
You didn't know any spells.
Your spell library contained the following spells:

 Spells                   Type           Power      Damage    Failure   Level
 Summon Small Mammal      Summ           0%         N/A       90%         1
 Call Imp                 Summ           0%         N/A       97%         2
 Call Canine Familiar     Summ           0%         N/A       99%         3
 Summon Guardian Golem    Hex/Summ       0%         N/A       99%         3
 Summon Ice Beast         Ice/Summ       0%         N/A       100%        4
 Summon Lightning Spire   Summ/Air       0%         N/A       100%        4


Dungeon Overview and Level Annotations

Branches:
Dungeon (2/15)

Altars:

Shops:
D:1 =

Annotations:
D:2 Sigmund


Innate Abilities, Weirdness & Mutations

You are too large for most types of armour.
You have claws for hands.
Your natural rate of healing is unusually fast.
You are covered in fur. (AC +1)
You have tough skin. (AC +1)


Message History

No target in view!
No target in view!
No target in view!
No target in view!
Found 22 stones.
You see here 22 stones.
Sigmund the Dreaded comes into view.
He is wielding a +0 scythe.
Sigmund is nearby!
Sigmund is nearby!
Sigmund mumbles some strange words.
Sigmund flickers and vanishes!
Deactivating autopickup; reactivate with Ctrl-A.
No target in view!
No target in view!
No target in view!
No target in view!
No target in view!
No target in view!
No target in view!
No target in view!
No target in view!
No target in view!
No target in view!
No target in view!
No target in view!
No target in view!
Something hits you.
You miss something. Something hits you!
You miss something. You block something's attack.
You scratch something. Something hits you! You block something's attack.
You miss something.
You hear some strange, mumbled words.
A puff of flame appears from out of thin air!
The puff of flame hits you!
* * * LOW HITPOINT WARNING * * *
You miss something. Something hits you but does no damage.
You miss something. Something hits you!
* * * LOW HITPOINT WARNING * * *
You scratch something but do no damage. Something hits you.
You die...

#...# #...#
####.).########...#
..................#
.....#...........##
######.#########.#
# #.# #.# # #.# #.#
# #.# #.# # #<# #@#
# #.# #{# # #.# #.#
# #.# #.# # #.# ..#
# #.# ### ## #.#
.#####.# .....#.#


There were no monsters in sight!

Vanquished Creatures
  2 dart slugs (D:1)
  2 endoplasms
  2 goblins (D:2)
  2 hobgoblins
  7 jackals
  A quokka (D:1)
  2 ball pythons
  4 frilled lizards
  3 kobolds
25 creatures vanquished.

Notes
Turn   | Place    | Note
-------+----------+-------------------------------------------
     0 | D:1      | polve the Troll Fighter began the quest for the Orb.
     0 | D:1      | Reached XP level 1. HP: 22/22 MP: 0/0
    74 | D:1      | Found a faded altar of an unknown god.
   117 | D:1      | Reached XP level 2. HP: 29/29 MP: 1/1
   315 | D:1      | Found Xonnol's Jewellery Shoppe.
   863 | D:2      | Reached skill level 3 in Shields
   867 | D:2      | Reached XP level 3. HP: 36/36 MP: 2/2
  1023 | D:2      | Noticed Sigmund
  1033 | D:2      | HP: 1/36 [something (8)]
  1034 | D:2      | Slain by Sigmund

Illustrated notes

Levels and vault maps discovered:
D:1:      dpeg_arrival_concentric_ovals, layout_basic, serial_shops, shop,
          ebering_ecumenical_altar_box, minmay_strange_pillars
D:2:      layout_loops_ring, minmay_misc_feat_hallway, uniq_sigmund

Skill      XL: |  1  2 |
---------------+-------+-----
Shields        | 3 |  3.0
Fighting       | |  2.7
Dodging        | |  2.4
Unarmed Combat | |  2.4

Action                   || total
-------------------------++-------
Melee: Unarmed           ||    70
 Stab: Sleeping          ||     1
Armor: Robe              ||    21
Dodge: Dodged            ||    20
Block: Kite shield       ||    26

Table legend: (Time is in decaauts)
 A = Elapsed time spent in this place.
 B = Non-inter-level travel time spent in this place.
 C = Inter-level travel time spent in this place.
 D = Time resting spent in this place.
 E = Time spent auto-exploring this place.
 F = Levels seen in this place.
 G = Mean time per level.
                   A        B        C        D        E       F      G
               +--------+--------+--------+--------+--------+-----+--------+
         Total |   1045 |   1030 |     15 |      0 |    876 |   2 |  522.5 |
       Dungeon |   1045 |   1030 |     15 |      0 |    876 |   2 |  522.5 |
               +--------+--------+--------+--------+--------+-----+--------+

Top non-repeatable levels by time:
     D:1: 676 daAuts
     D:2: 369 daAuts
